[Event "Early Titled Tuesday Blitz | February 8 2022"]
[White "Aditya Mittal"]
[Black "Lucas, Arthur"]
[WhiteFideId "35042025"]
[BlackFideId "26093073"]
[WhiteElo "2287"]
[BlackElo "2129"]
[Result "0-1"]
[Round "08"]
[TimeControl "180+1"]
[Date "2022.02.08"]
[WhiteClock "0:01:00"]
[BlackClock "0:02:19"]

1. d4 d5 2. c4 e6 3. Nf3 a6 4. cxd5 exd5 5. Nc3 c6 6. Bf4 Bd6 7. Bxd6 Qxd6 8. e3 Bf5 9. Bd3 Ne7 10. O-O O-O 11. Rb1 Nd7 12. b4 b5 13. a4 Nb6 14. a5 Nc4 15. Ne2 Bxd3 16. Qxd3 Ng6 17. Qc3 Rae8 18. Nc1 Ra8 0-1


[Site "https://www.chess.com"]

[Event "Early Titled Tuesday Blitz | February 8 2022"]
[White "Agasarov, Benik"]
[Black "Lopez Gracia, Fernando"]
[WhiteFideId "13314823"]
[BlackFideId "2207184"]
[WhiteElo "2587"]
[BlackElo "2431"]
[Result "1-0"]
[Round "08"]
[TimeControl "180+1"]
[Date "2022.02.08"]
[WhiteClock "0:01:00"]
[BlackClock "0:00:41"]

1. e4 e5 2. Nc3 Nf6 3. Bc4 Bc5 4. f4 d5 5. exd5 Ng4 6. Ne4 Bxg1 7. Rxg1 Qh4+ 8. Ke2 Nxh2 9. Kd3 f5 10. Ng5 Qg3+ 11. Ke2 exf4 12. Nf3 Ng4 13. Qe1 O-O 14. Qxg3 Re8+ 15. Kd3 fxg3 16. Kc3 b5 17. Bxb5 Bd7 18. Bc4 Nf2 19. d3 h6 20. Bf4 c6 21. dxc6+ Be6 22. c7 Nc6 23. Bb5 Bd5 24. Bxg3 Ng4 25. Rge1 Kf7 26. Rxe8 Rxe8 27. Nd4 Re6 28. c8=Q 1-0


[Site "https://www.chess.com"]

[Event "Early Titled Tuesday Blitz | February 8 2022"]
[White "Aggelis, Nikolaos"]
[Black "Barp, Alberto"]
[WhiteFideId "4213220"]
[BlackFideId "872555"]
[WhiteElo "2154"]
[BlackElo "2229"]
[Result "1/2-1/2"]
[Round "08"]
[TimeControl "180+1"]
[Date "2022.02.08"]
[WhiteClock "0:00:49"]
[BlackClock "0:00:32"]

1. d4 Nf6 2. g3 d5 3. Nf3 g6 4. Bg2 Bg7 5. O-O O-O 6. c4 e6 7. Nbd2 Nbd7 8. b3 b6 9. Bb2 Bb7 10. Ne5 c5 11. Nxd7 Qxd7 12. dxc5 bxc5 13. cxd5 exd5 14. e4 dxe4 15. Bxf6 Bxf6 16. Nxe4 Qxd1 17. Nxf6+ Kg7 18. Rfxd1 Bxg2 19. Nh5+ gxh5 20. Kxg2 Rfd8 21. Rac1 Rxd1 22. Rxd1 Rc8 23. Rd7 c4 24. bxc4 Rxc4 25. Rxa7 h4 26. Kh3 hxg3 27. hxg3 h5 28. a4 Kg6 29. a5 Ra4 30. a6 Ra2 31. Ra8 f6 32. Kg2 Ra3 33. Kh3 Ra2 34. g4 hxg4+ 35. Kxg4 Ra4+ 36. f4 Ra5 37. a7 Kg7 38. Kf3 Ra4 39. Ke3 Ra3+ 40. Kd4 Ra5 41. Kc4 Ra1 42. Kb5 Rb1+ 43. Kc6 Rc1+ 44. Kd7 Rd1+ 45. Ke6 Ra1 46. Rd8 Rxa7 47. f5 Ra6+ 48. Ke7 Ra5 49. Rd7 Rxf5 50. Ke6+ Kg6 51. Rg7+ Kxg7 52. Kxf5 Kf7 53. Kf4 Ke7 54. Kf5 Kf7 55. Kf4 Ke6 56. Ke4 f5+ 57. Kf4 Kf6 58. Kf3 Ke5 59. Ke3 f4+ 60. Kf3 Kf5 61. Kf2 Kg4 62. Kg2 f3+ 63. Kf2 Kf4 64. Kf1 Ke4 65. Kf2 Kf4 66. Kf1 Kf5 67. Kf2 Kg4 68. Kf1 Kg3 69. Kg1 Kf4 70. Kf2 Ke4 71. Kf1 Ke3 72. Ke1 f2+ 73. Kf1 Kf3 1/2-1/2


[Site "https://www.chess.com"]

[Event "Early Titled Tuesday Blitz | February 8 2022"]
[White "Agibileg, Uurtsaikh"]
[Black "Kushagra, Mohan"]
[WhiteFideId "4901606"]
[BlackFideId "25033638"]
[WhiteElo "2205"]
[BlackElo "1886"]
[Result "1-0"]
[Round "08"]
[TimeControl "180+1"]
[Date "2022.02.08"]
[WhiteClock "0:02:25"]
[BlackClock "0:00:03"]

1. d4 Nf6 2. c4 g6 3. Nc3 Bg7 4. e4 d6 5. Be2 O-O 6. Nf3 c5 7. O-O cxd4 8. Nxd4 Nc6 9. Be3 Bd7 10. Qd2 Nxd4 11. Bxd4 a5 12. f3 Bc6 13. Nd5 Bxd5 14. exd5 Nd7 15. Rfe1 Bxd4+ 16. Qxd4 Qb6 17. Qxb6 Nxb6 18. Bd3 Rfe8 19. b3 Rac8 20. Rac1 Rc7 21. Kf2 Kf8 22. h4 Rec8 23. Rcd1 Rd8 24. h5 a4 25. hxg6 hxg6 26. Re4 Ra8 27. Rh1 Kg7 28. Reh4 axb3 29. axb3 Ra3 30. g4 Rxb3 31. g5 1-0


[Site "https://www.chess.com"]

[Event "Early Titled Tuesday Blitz | February 8 2022"]
[White "Al Mukhaini, Shima"]
[Black "Camacho Collados, Jose"]
[WhiteFideId "22005854"]
[BlackFideId "2265427"]
[WhiteElo "2394"]
[BlackElo "2351"]
[Result "0-1"]
[Round "08"]
[TimeControl "180+1"]
[Date "2022.02.08"]
[WhiteClock "0:01:11"]
[BlackClock "0:02:14"]

1. b3 c5 2. Bb2 Nc6 3. e3 d6 4. Bb5 Bd7 5. Ne2 a6 6. Bxc6 Bxc6 7. O-O Nf6 8. d4 cxd4 9. Nxd4 Rc8 10. Nxc6 Rxc6 11. c4 e6 12. Nc3 Be7 13. Qf3 O-O 14. Rad1 Qa5 15. Rd2 Rfc8 16. Rfd1 b5 17. cxb5 axb5 18. Ne2 d5 19. g4 Ne4 20. Rd3 Qxa2 21. Be5 Rc2 22. Re1 Ng5 23. Qg3 Rxe2 24. Rxe2 Qxe2 0-1


[Site "https://www.chess.com"]

[Event "Early Titled Tuesday Blitz | February 8 2022"]
[White "Alekseev, Evgeny"]
[Black "Cherniaiev, Tykhon"]
[WhiteFideId "4138147"]
[BlackFideId "14182360"]
[WhiteElo "2589"]
[BlackElo "2289"]
[Result "1-0"]
[Round "08"]
[TimeControl "180+1"]
[Date "2022.02.08"]
[WhiteClock "0:00:06"]
[BlackClock "0:00:14"]

1. e4 c5 2. Nf3 e6 3. d4 cxd4 4. Nxd4 a6 5. Bd3 Bc5 6. Nb3 Ba7 7. O-O Nc6 8. Bf4 Nf6 9. Bd6 Bb8 10. Bxb8 Rxb8 11. N1d2 O-O 12. c3 d6 13. Qe2 e5 14. Nc4 Be6 15. Ne3 d5 16. exd5 Nxd5 17. Nxd5 Bxd5 18. Rad1 Qg5 19. Bxh7+ Kxh7 20. Rxd5 Rbd8 21. Rfd1 Rxd5 22. Rxd5 Qg6 23. Qd3 e4 24. Qg3 Qh6 25. Qe3 Qxe3 26. fxe3 f5 27. Nc5 f4 28. Ne6 Rf6 29. Nxf4 Ne7 30. Re5 Nf5 31. Nd5 Rf8 32. Rxe4 Rd8 33. Re5 Nd6 34. Nb6 Nf7 35. Rd5 Re8 36. Kf2 Ne5 37. h3 Re7 38. Ke2 Ng6 39. g3 Ne5 40. b3 Nf7 41. Nc4 Nh6 42. Nd6 Ng8 43. c4 Nf6 44. Rd4 b5 45. cxb5 axb5 46. Nxb5 Nd7 47. Nc3 Nc5 48. b4 Nd7 49. a4 Nf6 50. a5 Nh5 51. g4 Nf6 52. Kd3 Rc7 53. b5 Nd7 54. b6 Ne5+ 55. Kc2 Rf7 56. a6 Nc6 57. Re4 Rf2+ 58. Kb3 Rf6 59. a7 Rf8 60. Ra4 Ra8 61. b7 Rxa7 62. Rxa7 Nxa7 63. b8=Q Nc6 64. Qd6 Na5+ 65. Kc2 Nb7 66. Qd5 Na5 67. Qxa5 g6 68. Qe5 Kh6 69. Ne4 Kh7 70. Ng5+ Kg8 71. Ne6 Kf7 72. g5 Ke7 73. Qf6+ Ke8 74. Qxg6+ Ke7 75. Qf6+ Kd7 76. h4 Ke8 77. h5 Kd7 78. h6 Ke8 79. h7 Kd7 80. h8=Q Kd6 81. Qhd8+ Kc6 82. Qc3+ Kb7 83. Qdd3 Kb8 84. g6 Kb7 85. g7 Ka7 86. Qcd4+ Kb7 87. Qb3+ Ka6 88. Qda4# 1-0


[Site "https://www.chess.com"]

[Event "Early Titled Tuesday Blitz | February 8 2022"]
[White "Alinasab, Mobina"]
[Black "Yuan, Qingyu"]
[WhiteFideId "12528897"]
[BlackFideId "8609772"]
[WhiteElo "2061"]
[BlackElo "2359"]
[Result "0-1"]
[Round "08"]
[TimeControl "180+1"]
[Date "2022.02.08"]
[WhiteClock "0:00:05"]
[BlackClock "0:00:13"]

1. e4 c6 2. d4 d5 3. Nd2 dxe4 4. Nxe4 Nf6 5. Nxf6+ exf6 6. c3 Bd6 7. Bd3 O-O 8. Qc2 Re8+ 9. Ne2 h5 10. Be3 Nd7 11. O-O-O Nf8 12. Kb1 Be6 13. Nf4 Bxf4 14. Bxf4 b5 15. h3 Qd5 16. b3 a5 17. g4 h4 18. Be4 Qd7 19. g5 f5 20. Bd3 a4 21. b4 Ng6 22. Bc1 Ne7 23. g6 fxg6 24. Rhg1 Bf7 25. Bg5 Nd5 26. Bxh4 Nb6 27. Bg5 Bd5 28. Bc1 Re6 29. h4 Be4 30. h5 gxh5 31. Rg5 g6 32. Rdg1 Kh7 33. Bxe4 fxe4 34. Qe2 Qf7 35. Rxg6 Qxg6 36. Rxg6 Kxg6 37. Qe3 Rg8 38. Qh6+ Kf7 39. Qxh5+ Reg6 40. Qf5+ Rf6 41. Qh5+ Rgg6 42. Qh7+ Ke8 43. Be3 Nd5 44. Qh8+ Kf7 45. Qh7+ Rg7 46. Qh5+ Rgg6 47. Qh7+ Ke8 48. Qh8+ Kd7 49. Qh7+ Kc8 50. Qh3+ Kb7 51. Qd7+ Kb6 52. Qd8+ Kb7 53. Qd7+ Nc7 54. Kc2 Rd6 55. Qe7 Rge6 56. Qg7 Rg6 57. Qf7 Rdf6 58. Qe7 Re6 59. Qd7 Rgf6 60. Qh7 Kb8 61. Qh8+ Kb7 62. Qh7 Rd6 63. Kd2 Rfe6 64. Ke2 Rf6 65. Qg7 Rde6 66. Qh7 Rg6 67. Bf4 Rd6 68. Bxd6 Rxd6 69. Ke3 Kb6 70. Qxe4 Nd5+ 71. Kd3 Rf6 72. f3 Rf4 73. Qe2 Rf7 74. Kc2 Re7 75. Qd2 Re3 76. f4 Rf3 77. f5 Rxf5 78. Kb2 Rf3 79. Qe1 Rxc3 80. Qxc3 Nxc3 81. Kxc3 Kc7 82. Kd3 Kd6 83. Ke3 Kd5 84. Kd3 a3 85. Kc3 Ke4 86. Kb3 Kxd4 87. Kxa3 Kc4 88. Kb2 Kxb4 89. a3+ Kc4 90. Kc2 c5 91. Kb2 Kd3 92. Kb3 c4+ 93. Kb4 c3 94. Kxb5 c2 95. a4 c1=Q 96. a5 Qc7 97. a6 Qa7 0-1


[Site "https://www.chess.com"]

[Event "Early Titled Tuesday Blitz | February 8 2022"]
[White "Allahverdiyeva, Ayan"]
[Black "Kukula, Pawel"]
[WhiteFideId "13412590"]
[BlackFideId "1115081"]
[WhiteElo "1910"]
[BlackElo "2203"]
[Result "1-0"]
[Round "08"]
[TimeControl "180+1"]
[Date "2022.02.08"]
[WhiteClock "0:00:17"]
[BlackClock "0:00:16"]

1. e4 Nc6 2. Nf3 d6 3. d4 Nf6 4. Nc3 Bg4 5. d5 Nb8 6. h3 Bxf3 7. Qxf3 g6 8. h4 h5 9. Bg5 Bg7 10. Bb5+ c6 11. dxc6 bxc6 12. e5 dxe5 13. Bxc6+ Nxc6 14. Qxc6+ Kf8 15. O-O Rc8 16. Qf3 Kg8 17. Qe3 Qc7 18. Rfe1 Ng4 19. Qg3 e6 20. f3 Qb6+ 21. Kh1 Qxb2 22. Ne4 Nh6 23. Nf6+ Kf8 24. Rab1 Qxc2 25. Qxe5 Nf5 26. Rb7 Qc3 27. Qxc3 Rxc3 28. Rb8+ Ke7 29. Rxh8 Bxh8 30. Nd5+ Kd6 31. Nxc3 Bxc3 32. Rb1 a5 33. a4 f6 34. Bc1 Nxh4 35. Rb8 Nf5 36. Ba3+ Kd5 37. Rc8 Be5 38. Bc5 Ng3+ 39. Kg1 Ne2+ 40. Kf2 Nc3 41. Bb6 Nxa4 42. Bxa5 Bd4+ 43. Ke2 g5 44. Rd8+ Kc4 45. Bc7 Nc3+ 46. Kd2 Nd5 47. Bh2 Bc3+ 48. Ke2 Ba5 49. Re8 e5 50. Rh8 h4 51. Rh6 Bc3 52. Rh7 Kd4 53. Ra7 f5 54. Ra4+ Kc5 55. Ra6 e4 56. fxe4 fxe4 57. Rg6 Bf6 58. Bg1+ Kd6 59. Be3 Nf4+ 60. Bxf4+ Ke6 61. Bxg5 Kf5 62. Rxf6+ Kxg5 63. Re6 h3 64. gxh3 Kf5 65. Re8 Kf4 66. h4 Kg3 67. h5 e3 68. h6 1-0


[Site "https://www.chess.com"]

[Event "Early Titled Tuesday Blitz | February 8 2022"]
[White "Aloma Vidal, Robert"]
[Black "Popadic, Dragan"]
[WhiteFideId "2260409"]
[BlackFideId "913650"]
[WhiteElo "2435"]
[BlackElo "2199"]
[Result "0-1"]
[Round "08"]
[TimeControl "180+1"]
[Date "2022.02.08"]
[WhiteClock "0:02:32"]
[BlackClock "0:02:17"]

1. e4 c5 2. c3 g6 3. Nf3 Bg7 4. Bc4 d6 5. O-O Nf6 6. Re1 O-O 7. h3 a6 8. d4 b5 9. Bd3 Bb7 10. Bf4 Nfd7 11. Nbd2 e5 12. dxe5 Nxe5 13. Nxe5 dxe5 0-1


[Site "https://www.chess.com"]

[Event "Early Titled Tuesday Blitz | February 8 2022"]
[White "Al-Tarboush, Ward"]
[Black "Ovetchkin, Roman"]
[WhiteFideId "7601450"]
[BlackFideId "4119991"]
[WhiteElo "2276"]
[BlackElo "2409"]
[Result "1-0"]
[Round "08"]
[TimeControl "180+1"]
[Date "2022.02.08"]
[WhiteClock "0:00:43"]
[BlackClock "0:00:02"]

1. e4 c6 2. Nf3 d5 3. Nc3 dxe4 4. Nxe4 Nf6 5. Nxf6+ exf6 6. Bc4 Bd6 7. Qe2+ Be7 8. O-O O-O 9. d4 Bd6 10. Re1 Na6 11. Bxa6 bxa6 12. Be3 a5 13. a4 Rb8 14. c3 Qb6 15. Rab1 Ba6 16. Qc2 Qb3 17. Qxb3 Rxb3 18. Nd2 Rb7 19. c4 Bb4 20. Rec1 Re8 21. Nb3 g5 22. Nc5 Bxc5 23. dxc5 Rb3 24. h4 h6 25. Rc3 Rxc3 26. bxc3 Kg7 27. Rd1 Bxc4 28. Rd7 a6 29. Rb7 Kg6 30. Rb6 Re6 31. g3 h5 32. Kg2 Kf5 33. Kf3 Bd5+ 34. Ke2 gxh4 35. gxh4 Re4 36. Kd2 Rxa4 37. Rxa6 Kg4 38. Bd4 Kxh4 39. Ra8 Kg4 40. Rg8+ Kf5 41. Rh8 Bf3 42. Ke3 Bd1 43. f3 Ra2 44. Rxh5+ Ke6 45. Rh6 Kd7 46. Rxf6 Bb3 47. Rd6+ Kc7 48. Be5 Kb7 49. Rd7+ Ka6 50. Rc7 Bd5 51. f4 Kb5 52. Rb7+ Kc4 53. f5 Ra1 54. Bd4 Re1+ 55. Kd2 Ra1 56. f6 Ra2+ 57. Ke3 Be6 58. Re7 Bd5 59. Rb7 Rh2 60. Ra7 1-0


[Site "https://www.chess.com"]

[Event "Early Titled Tuesday Blitz | February 8 2022"]
[White "Araujo Filho, Luiz Antonio Coel"]
[Black "Bodnaruk, Anastasia"]
[WhiteFideId "2130661"]
[BlackFideId "4181751"]
[WhiteElo "2255"]
[BlackElo "2393"]
[Result "0-1"]
[Round "08"]
[TimeControl "180+1"]
[Date "2022.02.08"]
[WhiteClock "0:00:01"]
[BlackClock "0:00:08"]

1. d4 Nf6 2. Nf3 g6 3. c4 Bg7 4. Nc3 O-O 5. e4 d6 6. Be2 e5 7. dxe5 dxe5 8. O-O c6 9. Qc2 Qe7 10. Rb1 Nh5 11. Rd1 Nf4 12. h3 f5 13. Bf1 fxe4 14. Nxe4 Bf5 15. Bxf4 exf4 16. Bd3 Na6 17. a3 Rad8 18. Re1 Qc7 19. b4 Rd7 20. c5 Kh8 21. Qb3 Qd8 22. Bxa6 bxa6 23. Qc4 h6 24. Qxa6 Rd4 25. Nxd4 Qxd4 26. Qxc6 f3 27. Rbd1 Qb2 28. g4 Bc8 29. Rd2 Qxa3 30. Nd6 Qxb4 31. Qd5 Bxg4 32. Re4 Qb1+ 33. Rd1 Qc2 34. Rxg4 Rf5 35. Qd3 Qxc5 0-1


[Site "https://www.chess.com"]

[Event "Early Titled Tuesday Blitz | February 8 2022"]
[White "Artemenko, Oleg"]
[Black "Tay, Junior"]
[WhiteFideId "14201798"]
[BlackFideId "5800439"]
[WhiteElo "2287"]
[BlackElo "2216"]
[Result "1-0"]
[Round "08"]
[TimeControl "180+1"]
[Date "2022.02.08"]
[WhiteClock "0:02:00"]
[BlackClock "0:00:04"]

1. d4 Nf6 2. Nc3 c5 3. d5 e5 4. e4 d6 5. f4 Nbd7 6. Nf3 exf4 7. Bxf4 Ng4 8. Qd2 Be7 9. h3 Nge5 10. O-O-O O-O 11. Nxe5 Nxe5 12. Kb1 Bf6 13. Be2 b5 14. g4 b4 15. Nb5 g6 16. Rhf1 a6 17. Bh6 axb5 18. Bxf8 Kxf8 19. Bxb5 Bg5 20. Qe1 Qa5 21. a4 bxa3 22. Qxa5 Rxa5 23. Be2 Ba6 24. Bxa6 Rxa6 25. b3 c4 26. Ka2 Be3 27. b4 c3 28. h4 Nc4 29. Rf3 Bd2 30. g5 Ra4 31. Rb1 Nb6 32. Rbf1 Ke7 33. Rxf7+ Kd8 34. Rxh7 Nd7 35. Rff7 Rxb4 36. Rxd7+ Kc8 37. Rc7+ Kb8 38. Rcf7 Rc4 39. Rf8+ Rc8 40. Rxc8+ 1-0


[Site "https://www.chess.com"]

[Event "Early Titled Tuesday Blitz | February 8 2022"]
[White "Ashiev, Eduard"]
[Black "Martinez Lopez, David"]
[WhiteFideId "4130090"]
[BlackFideId "22235779"]
[WhiteElo "2004"]
[BlackElo "2369"]
[Result "0-1"]
[Round "08"]
[TimeControl "180+1"]
[Date "2022.02.08"]
[WhiteClock "0:00:17"]
[BlackClock "0:00:17"]

1. d4 Nf6 2. Nf3 g6 3. c4 Bg7 4. Nc3 O-O 5. e4 d6 6. h3 e5 7. d5 a5 8. Bg5 h6 9. Be3 Na6 10. Nd2 Nc5 11. a3 a4 12. Bxc5 dxc5 13. Nxa4 b6 14. Nc3 Ne8 15. Be2 Nd6 16. O-O h5 17. Nb5 Bh6 18. Nxd6 cxd6 19. Nb1 f5 20. exf5 Bxf5 21. Nc3 e4 22. Qe1 Bf4 23. Nd1 Qg5 24. Kh1 Rae8 25. Rc1 Bxc1 26. Nc3 Bd2 27. Qd1 Bd7 28. f4 Bxf4 29. Qc2 Qg3 0-1


[Site "https://www.chess.com"]

[Event "Early Titled Tuesday Blitz | February 8 2022"]
[White "Avazkhonov, Alikhon"]
[Black "Shukhman, Anna"]
[WhiteFideId "14208504"]
[BlackFideId "54180058"]
[WhiteElo "1739"]
[BlackElo "1628"]
[Result "0-1"]
[Round "08"]
[TimeControl "180+1"]
[Date "2022.02.08"]
[WhiteClock "0:00:15"]
[BlackClock "0:00:41"]

1. f4 d5 2. Nf3 c5 3. g3 Nc6 4. Bg2 g6 5. O-O Bg7 6. d3 e6 7. e4 Nge7 8. c3 O-O 9. e5 f6 10. d4 fxe5 11. fxe5 Nf5 12. dxc5 Nxe5 13. Nxe5 Bxe5 14. Qe2 Bg7 15. Nd2 Qe7 16. Nb3 a5 17. a4 b6 18. cxb6 Ba6 19. Qe1 Bxf1 20. Bxf1 Qd6 21. Be3 Nxe3 22. Qxe3 Rab8 23. Nxa5 Rxb6 24. Re1 Rxb2 25. Qxe6+ Qxe6 26. Rxe6 Rb1 0-1


[Site "https://www.chess.com"]

[Event "Early Titled Tuesday Blitz | February 8 2022"]
[White "Baches Garcia, Guillermo"]
[Black "Osmonbekov, Talaibek"]
[WhiteFideId "2209764"]
[BlackFideId "2017253"]
[WhiteElo "2451"]
[BlackElo "2135"]
[Result "1-0"]
[Round "08"]
[TimeControl "180+1"]
[Date "2022.02.08"]
[WhiteClock "0:00:32"]
[BlackClock "0:00:03"]

1. e4 c5 2. Nf3 d6 3. d4 cxd4 4. Qxd4 Nc6 5. Bb5 Bd7 6. Qd3 Nf6 7. c4 g6 8. Nc3 Bg7 9. O-O O-O 10. h3 Rc8 11. Be3 a6 12. Bxc6 Bxc6 13. Nd4 Nd7 14. Rac1 Nc5 15. Qc2 Ne6 16. Nxe6 fxe6 17. f3 b5 18. cxb5 axb5 19. Qd2 Qa5 20. a3 b4 21. Na2 Bb5 22. Rfd1 Ba4 23. Re1 Rb8 24. Nxb4 Bb3 25. Bd4 e5 26. Be3 Ba4 27. Rc3 Rfc8 28. Rec1 Rxc3 29. Qxc3 Bf8 30. Qc7 Qxc7 31. Rxc7 e6 32. Bd2 d5 33. exd5 Bxb4 34. Bxb4 exd5 35. Kf2 e4 36. fxe4 dxe4 37. Bc3 Rf8+ 38. Ke3 Rf7 39. Rxf7 Kxf7 40. Kxe4 Bc6+ 41. Ke5 Bxg2 42. h4 h6 43. Bd2 1-0


[Site "https://www.chess.com"]

[Event "Early Titled Tuesday Blitz | February 8 2022"]
[White "Begunov, Konstantin"]
[Black "Batsiashvili, Nino"]
[WhiteFideId "4118510"]
[BlackFideId "13602993"]
[WhiteElo "2262"]
[BlackElo "2230"]
[Result "1-0"]
[Round "08"]
[TimeControl "180+1"]
[Date "2022.02.08"]
[WhiteClock "0:02:23"]
[BlackClock "0:01:50"]

1. d4 d5 2. c4 e6 3. Nc3 a6 4. cxd5 exd5 5. Nf3 Nf6 6. Bg5 Be6 7. Qc2 Be7 8. e3 h6 9. Bh4 Nbd7 10. Be2 O-O 11. O-O Bd6 12. Rfd1 c6 13. a3 Qb8 14. b4 Re8 15. Na4 Ne4 16. Nc5 Bf5 17. Bd3 g5 18. Bg3 Nf8 19. Bxd6 Qxd6 20. Nxb7 Qg6 21. Ne5 Qh7 22. f3 Nd6 23. Nxd6 1-0


[Site "https://www.chess.com"]

[Event "Early Titled Tuesday Blitz | February 8 2022"]
[White "Berezin, Viktor"]
[Black "Warchol, Kamil"]
[WhiteFideId "14107872"]
[BlackFideId "21858241"]
[WhiteElo "2310"]
[BlackElo "1905"]
[Result "0-1"]
[Round "08"]
[TimeControl "180+1"]
[Date "2022.02.08"]
[WhiteClock "0:00:02"]
[BlackClock "0:00:06"]

1. d4 d6 2. c4 e5 3. e3 Nf6 4. Nc3 Nbd7 5. Bd3 Be7 6. Nge2 O-O 7. O-O c6 8. Qc2 h6 9. f4 Qc7 10. Ng3 Re8 11. b3 Bf8 12. Bb2 Ng4 13. Rae1 Ndf6 14. h3 exf4 15. exf4 Ne3 16. Qc1 Nxf1 17. Rxf1 Bd7 18. f5 d5 19. Nce2 Bd6 20. Rf3 Ne4 21. Nh5 Ng5 22. Rf1 c5 23. f6 g6 24. Nhf4 dxc4 25. Bxc4 cxd4 26. Nxg6 d3 27. Nef4 b5 28. Nd5 Qc5+ 29. Kh1 bxc4 30. bxc4 fxg6 31. Qc3 Nf7 32. Qxd3 Bf5 33. Qd2 Qxc4 34. Rc1 Qe4 35. Nc3 Qe3 36. Qd5 Qxc1+ 37. Bxc1 Re1# 0-1


[Site "https://www.chess.com"]

[Event "Early Titled Tuesday Blitz | February 8 2022"]
[White "Bifulco, Michel"]
[Black "Silva, Kevin Ranidu"]
[WhiteFideId "828580"]
[BlackFideId "9935258"]
[WhiteElo "2165"]
[BlackElo "1626"]
[Result "1-0"]
[Round "08"]
[TimeControl "180+1"]
[Date "2022.02.08"]
[WhiteClock "0:02:30"]
[BlackClock "0:02:23"]

1. d4 g6 2. e4 Bg7 3. Nc3 d6 4. Be3 a6 5. g4 h5 6. gxh5 Rxh5 7. Be2 Rh8 8. h4 Nf6 9. Bf3 c6 10. Qd2 Nbd7 11. O-O-O e5 12. Nge2 Qe7 13. Ng3 Nb6 14. b3 Nbd7 15. h5 gxh5 16. Nxh5 Nxh5 17. Bxh5 Nf6 18. Bg5 Bd7 19. dxe5 dxe5 20. f4 O-O-O 21. fxe5 Qxe5 22. Bf4 Qa5 23. Qd6 1-0


[Site "https://www.chess.com"]

[Event "Early Titled Tuesday Blitz | February 8 2022"]
[White "Blokhin, Sofia"]
[Black "Mayaud, Raphael"]
[WhiteFideId "4508190"]
[BlackFideId "627151"]
[WhiteElo "1762"]
[BlackElo "2191"]
[Result "0-1"]
[Round "08"]
[TimeControl "180+1"]
[Date "2022.02.08"]
[WhiteClock "0:00:16"]
[BlackClock "0:00:39"]

1. e4 d5 2. exd5 Qxd5 3. Nc3 Qa5 4. Nf3 c6 5. d4 Nf6 6. Bd2 Bf5 7. Be2 Qc7 8. O-O e6 9. Nh4 Bg6 10. Nxg6 hxg6 11. g3 Nbd7 12. f4 O-O-O 13. a4 Nb6 14. a5 Nbd5 15. Nxd5 exd5 16. a6 b6 17. b4 Ne4 18. Be1 b5 19. Ra5 Nd6 20. Bg4+ f5 21. Be2 Be7 22. Rf3 Bf6 23. Bf2 Rhe8 24. Qf1 Nc4 25. Bxc4 dxc4 26. c3 Re4 27. Ra1 Rde8 28. Kg2 Qd7 29. d5 cxd5 30. Qg1 Kb8 31. Ra5 d4 32. cxd4 Bxd4 33. Bxd4 Rxd4 34. Rf2 Qd5+ 35. Kh3 Rh8# 0-1


[Site "https://www.chess.com"]

[Event "Early Titled Tuesday Blitz | February 8 2022"]
[White "Borisova, Ekaterina"]
[Black "Vakhlamov, Igor L."]
[WhiteFideId "34124184"]
[BlackFideId "24126748"]
[WhiteElo "2034"]
[BlackElo "2401"]
[Result "0-1"]
[Round "08"]
[TimeControl "180+1"]
[Date "2022.02.08"]
[WhiteClock "0:00:04"]
[BlackClock "0:00:11"]

1. d4 d5 2. c4 c6 3. cxd5 cxd5 4. Bf4 Nc6 5. e3 Nf6 6. Nc3 a6 7. Rc1 Bf5 8. Nf3 e6 9. Qb3 Bb4 10. Ne5 Ne4 11. Nxc6 Bxc3+ 12. bxc3 bxc6 13. f3 Nd6 14. Qb4 Nc8 15. Qb7 Ne7 16. h4 h5 17. Be2 O-O 18. Kf2 Ng6 19. Bg3 Qa5 20. Qxc6 Rac8 21. Qxa6 Qxa6 22. Bxa6 Ra8 23. Be2 Rxa2 24. Rhe1 Rfa8 25. Kg1 Ne7 26. Bf1 Nc6 27. e4 Bg6 28. Bf2 Na5 29. Ra1 Nb3 30. Rxa2 Rxa2 31. c4 dxe4 32. fxe4 Nd2 33. Bd3 Ra3 34. Re3 Ra1+ 35. Kh2 Nb3 36. Rg3 Rc1 37. c5 e5 38. dxe5 Nxc5 39. Be2 Nxe4 40. Rf3 Rc2 41. Re3 Nxf2 42. Bf3 Ng4+ 43. Bxg4 hxg4 44. Kg3 Rc4 45. e6 fxe6 46. Rxe6 Kh7 47. Rb6 Bf5 48. Rb5 g6 49. Rb8 Kg7 50. Rb7+ Kf6 51. Rb8 Be6 52. Rf8+ Ke5 53. Re8 Rc3+ 54. Kh2 g3+ 0-1


[Site "https://www.chess.com"]

[Event "Early Titled Tuesday Blitz | February 8 2022"]
[White "Bortnyk, Olexandr"]
[Black "Jumabayev, Rinat"]
[WhiteFideId "14120828"]
[BlackFideId "13702661"]
[WhiteElo "2723"]
[BlackElo "2561"]
[Result "0-1"]
[Round "08"]
[TimeControl "180+1"]
[Date "2022.02.08"]
[WhiteClock "0:00:07"]
[BlackClock "0:01:35"]

1. e4 e6 2. d4 d5 3. Nc3 Nf6 4. Bg5 dxe4 5. Nxe4 Be7 6. Bxf6 gxf6 7. Nf3 a6 8. Qd3 f5 9. Nc3 b5 10. O-O-O Bb7 11. Qe3 b4 12. Ne2 Qd6 13. Nf4 Nd7 14. Bc4 O-O-O 15. Nd3 Nb6 16. Nde5 Nxc4 17. Nxc4 Qd5 18. Qb3 Qb5 19. Nce5 Bd5 20. c4 bxc3 21. Qxb5 axb5 22. Nxf7 Rhg8 23. Nxd8 Rxg2 24. Nxe6 Rxf2 25. bxc3 Ba3+ 26. Kb1 Be4+ 0-1


[Site "https://www.chess.com"]

[Event "Early Titled Tuesday Blitz | February 8 2022"]
[White "Bruned, Yvain"]
[Black "Samarth, J Rao"]
[WhiteFideId "2250292"]
[BlackFideId "46652370"]
[WhiteElo "2073"]
[BlackElo "1514"]
[Result "1-0"]
[Round "08"]
[TimeControl "180+1"]
[Date "2022.02.08"]
[WhiteClock "0:00:46"]
[BlackClock "0:00:10"]

1. b3 e5 2. Bb2 Nc6 3. e3 g6 4. Bb5 Bg7 5. Nf3 d6 6. Bxc6+ bxc6 7. d4 e4 8. Nfd2 d5 9. c4 Ne7 10. Nc3 O-O 11. Qc2 Be6 12. Na4 Rb8 13. Nc5 Bc8 14. Ba3 Re8 15. Rc1 Nf5 16. g3 Nd6 17. cxd5 cxd5 18. Na4 Bf8 19. Bc5 Rb7 20. Nb1 Bd7 21. Nbc3 Qf6 22. Qd1 c6 23. Ba3 h5 24. h4 Bg4 25. Qd2 Bf3 26. Rg1 Qf5 27. Ne2 Qh3 28. Nf4 Qh2 29. Rf1 Nf5 30. Bxf8 Rxf8 31. Nc5 Rc7 32. Qc2 g5 33. hxg5 h4 34. gxh4 Nxh4 35. Kd2 Bg2 36. Nxg2 Nf3+ 37. Kc3 Qxg2 38. Qe2 Qxg5 39. Rh1 f5 40. Ne6 Qg6 41. Nxc7 c5 42. Kb2 cxd4 43. exd4 Qg7 44. Qe3 Nxd4 45. Qc3 Rc8 46. Rhd1 Rxc7 47. Qxd4 Rxc1 48. Kxc1 Qc7+ 49. Kb2 Qf4 50. Qxd5+ Kg7 51. Qd4+ Kg6 52. Qe3 Qxe3 53. fxe3 Kg5 54. Rf1 Kg4 55. Rf4+ Kg5 56. Kc3 a5 57. Kd4 a4 58. bxa4 1-0


[Site "https://www.chess.com"]

[Event "Early Titled Tuesday Blitz | February 8 2022"]
[White "Brunner, Nicolas"]
[Black "Barrientos, Sergio E"]
[WhiteFideId "620246"]
[BlackFideId "4401824"]
[WhiteElo "2372"]
[BlackElo "2441"]
[Result "0-1"]
[Round "08"]
[TimeControl "180+1"]
[Date "2022.02.08"]
[WhiteClock "0:00:14"]
[BlackClock "0:02:27"]

1. d4 Nf6 2. c4 e6 3. g3 c5 4. d5 exd5 5. cxd5 d6 6. Nc3 g6 7. Nf3 Bg7 8. Bg2 O-O 9. O-O a6 10. a4 Nbd7 11. h3 Re8 12. Nd2 Rb8 13. Nc4 Ne5 14. Na3 b6 15. e4 h5 16. f4 Ned7 17. Nc4 Qc7 18. e5 dxe5 19. fxe5 Nxe5 20. Nxe5 Rxe5 21. Bf4 Nd7 22. d6 Qd8 23. Bxe5 Nxe5 24. Nd5 Be6 25. Nc7 Bc4 26. Rf4 Bd3 27. a5 Qxd6 28. axb6 Qxb6 29. Nd5 Qxb2 30. Nf6+ Bxf6 31. Rxf6 Qd4+ 32. Rf2 Rb2 33. Qe1 Rxf2 0-1


[Site "https://www.chess.com"]